 Dungeon Crawl Stone Soup version 0.27-a0-1189-gb8eb6cee8e (webtiles) character file.

Game seed: 12394299992267117009

38 Aggronaut the Distorting Demonspawn (level 3, -3/29 HPs)
             Began as a Demonspawn Abyssal Knight on May 23, 2021.
             Was a Believer of Lugonu.
             Slain by Terence
             ... wielding a +0 flail
              (4 damage)
             ... on level 2 of the Dungeon.
             The game lasted 00:02:50 (1715 turns).

Aggronaut the Distorting Demonspawn (DsAK)          Turns: 1715, Time: 00:02:51

Health: -3/29      AC:  5    Str: 10 (12) XL:     3   Next: 25%
Magic:  5/6        EV: 10    Int: 11 (13) God:    Lugonu [**....]
Gold:   58         SH:  6    Dex: 10 (13) Spells: 2/2 levels left

rFire    . . .     SeeInvis .   a - +1 mace
rCold    . . .     Faith    .   (no shield)
rNeg     . . .     Spirit   .   i - +0 ring mail
rPois    .         Reflect  .   (no helmet)
rElec    .         Harm     .   (no cloak)
rCorr    .         Rampage  .   (no gloves)
Will     .....                  (no boots)
Stlth    ..........             (no amulet)
HPRegen  0.09/turn              (no ring)
MPRegen  0.10/turn              (no ring)

@: no status effects
A: large bone plates 2
a: Renounce Religion, Depart the Abyss, Bend Space


You were on level 2 of the Dungeon.
You worshipped Lugonu.
Lugonu was pleased with you.
You visited 1 branch of the dungeon, and saw 3 of its levels.
You visited the Abyss 1 time.

You collected 58 gold pieces.

Inventory:

Hand Weapons
 a - a +1 mace (weapon)
Armour
 i - a +0 ring mail (worn)
Jewellery
 h - a ring of magical power
Scrolls
 c - 3 scrolls of teleportation {unknown}
 e - a scroll of enchant weapon {unknown}
 g - a scroll of noise {unknown}
Potions
 f - a potion of flight {unknown}


   Skills:
 - Level 3.0 Fighting
 + Level 2.4 Maces & Flails
 - Level 1.7 Armour
 - Level 0.8 Dodging
 * Level 4.1 Invocations


You had 2 spell levels left.
You didn't know any spells.
Your spell library was empty.

Dungeon Overview and Level Annotations

Branches:
Dungeon (3/15)

Altars:

Annotations:
D:2 Terence


Innate Abilities, Weirdness & Mutations

You are mostly covered in large bone plates. (SH +6)


Message History

Terence is heavily wounded.
Terence barely misses you.
You hit Terence.
Terence is heavily wounded.
Terence hits you with a +0 flail. You block Terence's attack.
You hit Terence but do no damage.
Terence is heavily wounded.
Terence hits you with a +0 flail!
You hit Terence.
Terence is severely wounded.
Terence closely misses you.
You hit Terence but do no damage.
Terence is severely wounded.
Terence barely misses you.
You closely miss Terence.
Terence is severely wounded.
Terence hits you with a +0 flail.
* * * LOW HITPOINT WARNING * * *
Terence hits you with a +0 flail.
* * * LOW HITPOINT WARNING * * *
You hit Terence but do no damage.
Terence is severely wounded.
Terence completely misses you.
You closely miss Terence.
Terence is severely wounded.
Terence completely misses you.
There is a stone staircase leading up here.
Terence hits you with a +0 flail.
* * * LOW HITPOINT WARNING * * *
You climb upwards.
There is a stone staircase leading down here.
Space bends sharply around you!
You blink.
You don't have enough health at the moment.
It was a potion of degeneration.
There was something very wrong with that liquid.
You feel weakened.
You feel dopey.
You feel clumsy.
You hit Terence.
Terence is almost dead.
Terence hits you with a +0 flail.
You die...

##### #.........##..#
##.......<##..# ####
#.......####### ...#
####.#.#.#.....#
...####....#..>......#
...##...#####....#...#
.....................#
......#######...@#...#
...#### #...@#...#
...# ######...# ...#
##### ...# ####


You could see Terence.

Vanquished Creatures
  2 orcs
  2 ball pythons (D:2)
  2 bats (D:2)
  3 endoplasms (D:2)
  2 giant cockroaches (D:1)
  7 goblins
  2 hobgoblins
  2 jackals (D:1)
  A quokka (D:1)
  A frilled lizard (D:2)
  4 kobolds
  3 rats (D:2)
31 creatures vanquished.

Notes
Turn   | Place    | Note
-------+----------+-------------------------------------------
     0 | Abyss:1  | Aggronaut the Demonspawn Abyssal Knight began the quest for
                  | the Orb.
     0 | Abyss:1  | Reached XP level 1. HP: 18/18 MP: 2/2
    29 | D:1      | Escaped the Abyss
   156 | D:1      | Found a faded altar of an unknown god.
   244 | D:1      | Reached skill level 3 in Invocations
   289 | D:1      | Gained mutation: You are partially covered in large bone
                  | plates. (SH +4) [demonic ancestry]
   289 | D:1      | Reached XP level 2. HP: 23/24 MP: 4/4
  1113 | D:2      | Reached ** piety under Lugonu
  1216 | D:2      | Gained mutation: You are mostly covered in large bone
                  | plates. (SH +6) [demonic ancestry]
  1216 | D:2      | Reached XP level 3. HP: 23/29 MP: 5/5
  1220 | D:2      | Reached skill level 4 in Invocations
  1695 | D:3      | Noticed Terence
  1715 | D:2      | Slain by Terence

Illustrated notes

Levels and vault maps discovered:
D:1:      mrwooster_arrival_statue_3, layout_basic,
          hellmonk_ecumenical_altar_inner_sanctum,
          corexii_item_surrounded_by_moat
D:2:      layout_rooms
D:3:      minmay_goblin_kobold_castle, layout_loops_corners,
          ebering_ghost_reflecting_pool, hangedman_decor_growths, uniq_terence,
          uniq_natasha

Skill      XL: |  1  2  3 |
---------------+----------+-----
Maces & Flails | 2 |  2.4
Invocations    | 3 4 |  4.1
Fighting       | |  3.0
Armour         | |  1.7
Dodging        | |  0.8

Action                   || total
-------------------------++-------
Melee: Mace              ||   100
Invok: Bend Space        ||     1
  Use: Potion            ||     1
Armor: Leather armour    ||    19
       Ring mail         ||     9
Dodge: Dodged            ||    62
Block: Other             ||    19

Table legend: (Time is in decaauts)
 A = Elapsed time spent in this place.
 B = Non-inter-level travel time spent in this place.
 C = Inter-level travel time spent in this place.
 D = Time resting spent in this place.
 E = Time spent auto-exploring this place.
 F = Levels seen in this place.
 G = Mean time per level.
                   A        B        C        D        E       F      G
               +--------+--------+--------+--------+--------+-----+--------+
         Total |   1742 |   1712 |     30 |    527 |    843 |   4 |  435.5 |
       Dungeon |   1713 |   1683 |     30 |    527 |    819 |   3 |  571.0 |
         Abyss |     29 |     29 |      0 |      0 |     24 |   1 |   29.0 |
               +--------+--------+--------+--------+--------+-----+--------+

Top non-repeatable levels by time:
     D:2: 1204 daAuts
     D:1: 485 daAuts
 Abyss:1: 29 daAuts
     D:3: 23 daAuts
